 Dungeon Crawl Stone Soup version 0.30-a0-305-g026cb31310 (webtiles) character file.

Game seed: 9040602945429561307

6521 pokeman the Eclecticist (level 10, -5/59 HPs)
             Began as a Deep Elf Hedge Wizard on Oct 23, 2022.
             Was a Believer of Vehumet.
             Slain by a wraith (9 damage)
             ... on level 10 of the Dungeon.
             The game lasted 00:31:40 (12058 turns).

pokeman the Eclecticist (Deep Elf Hedge Wizard)    Turns: 12058, Time: 00:31:41

Health: -5/59      AC:  5    Str:  7    XL:     10   Next: 69%
Magic:  11/31      EV: 12    Int: 30    God:    Vehumet [**....]
Gold:   157        SH:  0    Dex: 18    Spells: 31/39 levels left

rFire   + + .      SeeInvis .    T - +10 trident "Nupnoman" {venom, *Noise rElec rF+ rCorr}
rCold   . . .      Faith    .    (no shield)
rNeg    . . .      Spirit   .    e - +0 leather armour
rPois   .          Reflect  .    c - +0 hat
rElec   +          Harm     .    b - +0 cloak
rCorr   +          Rampage  .    (no gloves)
Will    ++...                    t - +0 pair of boots
Stlth   ++........               N - amulet of the acrobat
HPRegen 0.29/turn                W - ring of the Terrible God {rF+ Will+ rCorr Dex+4}
MPRegen 0.22/turn                I - +6 ring of intelligence

@: studying Polearms
A: no striking features
a: Renounce Religion


You were on level 10 of the Dungeon.
You worshipped Vehumet.
Vehumet was pleased with you.
You visited 2 branches of the dungeon, and saw 11 of its levels.
You also visited: Sewer.

You collected 601 gold pieces.
You spent 444 gold pieces at shops.

Inventory:

Hand Weapons
 S - the +12 mace of the Evening {holy, Int-2 Dex+4 SInv}
   (You bought it in a shop on level 8 of the Dungeon)

   It has been blessed by the Shining One to cause great damage to the undead
   and demons.
   Int:       It affects your intelligence (-2).
   Dex:       It affects your dexterity (+4).
   SInv:      It lets you see invisible.
 T - the +10 trident "Nupnoman" (weapon) {venom, *Noise rElec rF+ rCorr}
   (You took it off a gnoll sergeant on level 8 of the Dungeon)

   It poisons the flesh of those it strikes.
   rF:        It protects you from fire.
   rElec:     It insulates you from electricity.
   *Noise:    It may make noises in combat.
   rCorr:     It protects you from acid and corrosion.
Missiles
 k - 2 curare-tipped darts
 V - a throwing net
Armour
 b - a +0 cloak (worn)
 c - a +0 hat (worn)
 e - a +0 leather armour (worn)
 t - a +0 pair of boots (worn)
 U - a +0 buckler
Magical Staves
 n - a staff of poison
 w - a staff of air
Jewellery
 I - a +6 ring of intelligence (right hand)
 N - an amulet of the acrobat (around neck)
 W - the ring of the Terrible God (left hand) {rF+ Will+ rCorr Dex+4}
   (You took it off a gnoll on level 8 of the Dungeon)

   [ring of willpower]

   Dex:       It affects your dexterity (+4).
   rF:        It protects you from fire.
   rCorr:     It protects you from acid and corrosion.
   Will:      It increases your willpower.
Wands
 M - a wand of quicksilver (18)
Scrolls
 a - a scroll of fear {unknown}
 h - 3 scrolls of blinking
 y - 4 scrolls of teleportation
Potions
 d - 2 potions of magic
 i - 5 potions of curing
 o - 4 potions of heal wounds
 z - 2 potions of haste
 A - 2 potions of invisibility {unknown}
 B - a potion of cancellation {unknown}
 E - 4 potions of lignification {unknown}
 J - 3 potions of mutation {unknown}


   Skills:
 - Level 5.1 Fighting
 + Level 3.7 Armour
 - Level 3.0 Dodging
 - Level 3.0 Stealth
 * Level 15.2 Spellcasting
 + Level 8.8 Conjurations
 - Level 1.1 Summonings
 - Level 1.1 Translocations
 - Level 1.0 Air Magic
 - Level 1.3 Poison Magic
 - Level 1.1 Evocations


You had 31 spell levels left.
You knew the following spells:

 Your Spells              Type           Power      Damage    Failure   Level
a - Magic Dart            Conj           100%       1d8       1%          1
b - Mephitic Cloud        Conj/Pois/Air  45%        N/A       1%          3
c - Call Imp              Summ           29%        N/A       3%          2
d - Blink                 Tloc           58%        N/A       3%          2

Your spell library contained the following spells:

 Spells                   Type           Power      Damage    Failure   Level
 Freeze                   Ice            88%        1d9       3%          1
 Sting                    Tmut/Pois      100%       1d8       2%          1
 Poisonous Vapours        Pois/Air       60%        N/A       2%          2
 Slow                     Hex            88%        N/A       3%          1
 Cigotuvi's Dreadful Rot  Necr/Pois/Air  54%        N/A       3%          2
 Gell's Gravitas          Tloc           29%        N/A       6%          3
 Teleport Other           Tloc           29%        N/A       6%          3
 Frozen Ramparts          Ice            44%        1d7       9%          3
 Olgreb's Toxic Radiance  Pois           31%        N/A       17%         4
 Summon Ice Beast         Ice/Summ       26%        N/A       24%         4
 Ice Form                 Ice/Tmut       22%        N/A       30%         4
 Dispersal                Tloc           14%        N/A       96%         6


Dungeon Overview and Level Annotations

Branches:
Dungeon (9/15)             Temple (1/1) D:7            Lair (0/5) D:8
  Sewer (visited)
    Orc: D:9-12

Altars:
Dithmenos
Elyvilon
Gozag
Makhleb
Nemelex Xobeh
Okawaru
Ru
Sif Muna
Uskayaw
Vehumet
Yredelemnul
The Shining One

Shops:
D:3 *!*((   D:8 :(


Message History

The killer bee is engulfed in noxious fumes.
The killer bee appears confused.
The killer bee stings the killer bee!
The killer bee is engulfed in noxious fumes.
The killer bee appears confused.
The killer bee stings the killer bee.
The killer bee is poisoned.
The killer bee poisons the killer bee!
Unknown command.
Unknown command.
You feel sick.
The killer bee is engulfed in noxious fumes.
The killer bee appears confused.
Something stings the killer bee!
The killer bee is killed!
Vehumet accepts your kill.
Unknown command.
You feel less confused.
You feel sick.
You are no longer poisoned.
You hear an angry buzzing noise.
Unknown command.
Casting: Mephitic Cloud (safe; 1% risk of failure)
Confirm with . or Enter, or press ? or * to list all spells.
You blink.
The killer bee dies!
Vehumet accepts your kill. The wraith hits you.
* * * LOW HITPOINT WARNING * * *
You hit the killer bee.
The killer bee is poisoned.
The killer bee is heavily wounded.
The wraith misses you.
An orc comes into view. It is wielding a +0 club.
Unknown command.
You hit the killer bee.
The killer bee looks as sick as possible!
The killer bee is almost dead.
You feel stable enough to blink again.
You kill the killer bee!
Vehumet accepts your kill.
The killer bee closely misses itself.
The wraith hits you.
* * * LOW HITPOINT WARNING * * *
The wraith hits you!
You die...

#.........# #....
#.#.......#####
#.... +
#...o.......## #....
#....y..###..###....
#.......# ##..)#....
#.......# ###)..†..
#..†y...# ###..†.
###†##### #.... #@#
##.## #W### #..
#..§# ##.. ###+# ##


You could see a wraith, 2 killer bees and an orc.

Vanquished Creatures
  The ghost of garrulousMonolith the Cleaver, a novice HOMo of Beogh (D:8)
  Pikel (D:8)
  Joseph (D:7)
  Prince Ribbit (D:7)
  Sigmund (D:2)
  A vampire (D:9)
  4 yaks (D:10)
  A water moccasin (D:8)
  A sky beast (D:7)
  5 orc warriors
  An ice beast (D:7)
  A black bear (D:7)
  5 centaurs
  4 ogres (D:8)
  3 lemures (D:8)
  2 kobold brigands (Sewer)
  6 bullfrogs
  3 gnoll sergeants (D:8)
  3 wights (D:7)
  2 killer bees (D:10)
  5 howler monkeys
  6 hounds
  5 orc priests
  3 jellies
  5 gnoll boudas (D:8)
  10 orc wizards
  7 adders
  18 gnolls
  A river rat (D:4)
  A shadow imp (D:8)
  2 white imps
  A worm (D:2)
  A dart slug (D:3)
  24 orcs
  7 ball pythons
  10 endoplasms
  8 giant cockroaches
  12 goblins
  9 hobgoblins
  4 bats
  A frilled lizard (D:2)
  16 kobolds
  8 rats
  2 butterflies (D:7)
213 creatures vanquished.

Vanquished Creatures (collateral kills)
  Menkaure (D:7)
  A killer bee (D:10)
  Crazy Yiuf (D:5)
  3 orc wizards (D:6)
6 creatures vanquished.

Vanquished Creatures (others)
  6 fungi (D:8)
  26 plants
32 creatures vanquished.

Grand Total: 251 creatures vanquished

Notes
Turn   | Place    | Note
-------+----------+-------------------------------------------
     0 | D:1      | pokeman the Deep Elf Hedge Wizard began the quest for the
                  | Orb.
     0 | D:1      | Reached XP level 1. HP: 10/10 MP: 7/7
   444 | D:1      | Reached XP level 2. HP: 16/16 MP: 6/9
   647 | D:1      | Found a faded altar of an unknown god.
  1310 | D:2      | Reached skill level 5 in Spellcasting
  1346 | D:2      | Noticed Sigmund
  1361 | D:2      | Killed Sigmund
  1362 | D:2      | Reached skill level 1 in Fighting
  1362 | D:2      | Reached skill level 1 in Armour
  1362 | D:2      | Reached skill level 6 in Spellcasting
  1362 | D:2      | Reached XP level 3. HP: 13/20 MP: 9/12
  1362 | D:2      | Reached XP level 4. HP: 16/25 MP: 10/14
  1362 | D:2      | Reached XP level 5. HP: 19/29 MP: 10/15
  1366 | D:2      | Learned a level 3 spell: Mephitic Cloud
  1369 | D:2      | Learned a level 2 spell: Call Imp
  1372 | D:2      | Learned a level 2 spell: Blink
  2051 | D:3      | Found an opulent altar of Gozag.
  2051 | D:3      | Found Ethru's Antique Weapon Shoppe.
  2177 | D:3      | Found Ewoeviz's Weapon Shop.
  2320 | D:3      | Found Noddo's Distillery.
  2333 | D:3      | Bought a potion of heal wounds for 70 gold pieces
  2333 | D:3      | Bought a potion of curing for 42 gold pieces
  2402 | D:3      | Reached XP level 6. HP: 34/34 MP: 13/17
  2573 | D:3      | Found Neup's Assorted Antiques.
  2615 | D:3      | Bought a scroll labelled EMOERCH MUTRAOD for 16 gold pieces
  2615 | D:3      | Bought a silvery potion for 14 gold pieces
  2716 | D:3      | Found Nuliz's General Store.
  2728 | D:3      | Bought a scroll of noise for 11 gold pieces
  2893 | D:3      | Found a sparkling altar of Nemelex Xobeh.
  3041 | D:4      | Reached skill level 7 in Spellcasting
  3127 | D:4      | Found a glowing drain.
  3180 | Sewer    | Entered a sewer
  3257 | Sewer    | Reached skill level 1 in Evocations
  3546 | Sewer    | Reached skill level 1 in Air Magic
  3806 | D:4      | Found a sacrificial altar of Ru.
  3809 | D:4      | Reached skill level 1 in Poison Magic
  3823 | D:4      | Reached XP level 7. HP: 38/38 MP: 7/20
  4533 | D:3      | Bought a potion of heal wounds for 55 gold pieces
  4585 | D:5      | Entered Level 5 of the Dungeon
  4640 | D:5      | Reached skill level 8 in Spellcasting
  5430 | D:5      | Found a runed translucent door.
  5431 | D:5      | Noticed Crazy Yiuf
  5442 | D:5      | Found a burning altar of Makhleb.
  5817 | D:5      | Found a white marble altar of Elyvilon.
  6108 | D:5      | Killed Crazy Yiuf
  6109 | D:5      | Reached skill level 9 in Spellcasting
  6269 | D:3      | Bought a scroll labelled JAABRA VIYTT for 16 gold pieces
  6269 | D:3      | Bought 2 murky grey potions for 28 gold pieces
  6269 | D:3      | Bought a scroll labelled JAABRA VIYTT for 16 gold pieces
  6269 | D:3      | Bought a scroll labelled YGE WEGGOCENOTWY for 16 gold
                  | pieces
  6269 | D:3      | Bought a scroll labelled BUITHR WIGEDGH for 16 gold pieces
  6585 | D:6      | Reached XP level 8. HP: 44/44 MP: 15/23
  6887 | D:6      | Found a hide-covered altar of Uskayaw.
  7048 | D:6      | Reached skill level 5 in Conjurations
  7269 | D:7      | Found a staircase to the Ecumenical Temple.
  7308 | D:7      | Reached skill level 10 in Spellcasting
  7323 | Temple   | Entered the Ecumenical Temple
  7403 | Temple   | Became a worshipper of Vehumet
  7705 | D:7      | Noticed Menkaure
  7717 | D:7      | Killed Menkaure
  8192 | D:7      | Reached skill level 11 in Spellcasting
  8193 | D:7      | Noticed Prince Ribbit
  8207 | D:7      | Killed Prince Ribbit
  8208 | D:7      | Reached XP level 9. HP: 8/50 MP: 12/26
  8664 | D:7      | Noticed Joseph
  8820 | D:7      | Reached skill level 12 in Spellcasting
  9750 | D:8      | Found a staircase to the Lair.
  9817 | D:8      | Reached * piety under Vehumet
  9817 | D:8      | Offered knowledge of Kiss of Death by Vehumet.
  9855 | D:8      | Noticed Pikel
  9888 | D:8      | Killed Pikel
  9889 | D:8      | Reached skill level 13 in Spellcasting
 10269 | D:8      | Found a glowing golden altar of the Shining One.
 10283 | D:8      | Reached XP level 10. HP: 49/58 MP: 29/29
 10479 | D:8      | Found a transporter.
 10480 | D:8      | Found a transporter.
 10481 | D:8      | Identified the +10 trident "Nupnoman" {venom, *Noise rElec
                  | rF+ rCorr}
 10491 | D:8      | Identified the ring of the Terrible God {rF+ Will+ rCorr
                  | Dex+4}
 10494 | D:8      | Found Jehoriha's Self-Improvement Boutique.
 10720 | D:8      | Noticed garrulousMonolith's ghost (novice HOMo)
 10778 | D:8      | Found Xorit's Antique Weapon Shoppe.
 10786 | D:8      | Bought a bloodstained mace for 144 gold pieces
 10786 | D:8      | Identified the +12 mace of the Evening {holy, Int-2 Dex+4
                  | SInv} (You bought it in a shop on level 8 of the Dungeon)
 11336 | D:8      | Reached skill level 14 in Spellcasting
 11346 | D:8      | Offered knowledge of Freeze by Vehumet.
 11421 | D:8      | Killed garrulousMonolith's ghost
 11422 | D:8      | Reached skill level 5 in Fighting
 11695 | D:7      | Killed Joseph
 11865 | D:9      | You fall into a shaft and drop 1 floor!
 11865 | D:10     | Entered Level 10 of the Dungeon
 11917 | D:10     | Reached skill level 15 in Spellcasting
 11979 | D:10     | Reached ** piety under Vehumet
 12058 | D:10     | Slain by a wraith

Illustrated notes

Levels and vault maps discovered:
D:1:      erik_arrival_blinker_ship, layout_basic,
          chequers_ecumenical_altar_island, chequers_serial_rivers_micro_d
D:2:      layout_loops_ring, uniq_sigmund
D:3:      layout_loops_ring, nemelex_diamond_rough_becter,
          mainiacjoe_overflow_brackets, serial_shops, shop, shop, shop,
          nicolae_square_shop, nicolae_shop_bloodbath_and_beyond
D:4:      layout_loops_ring, nicolae_ru_great_annihilating_truth,
          portal_sewer_entry_a, kennysheep_generic_room_4
D:5:      layout_layer_cave, lemuel_crystal_altar, nicolae_elyvilon_temple_path,
          uniq_crazy_yiuf_cottage
D:6:      layout_basic, kennysheep_little_box,
          minmay_a_box_with_orc_wizards_in_it
D:7:      layout_loops_ring, minmay_temple_entry_butterflies, kennysheep_donut,
          minmay_between, uniq_joseph, uniq_menkaure, uniq_prince_ribbit1
D:8:      kennysheep_seaside_town, layout_loops_ring, lemuel_tele_altar,
          lair_entry_dummy, gammafunk_ghost_gnarly_gnolls, serial_shops,
          nicolae_shop_statue_plus, nicolae_shop_self_help, uniq_pikel
D:9:      layout_rooms, nicolae_ashenzari_panopticon, cheibriados_altar_1,
          orc_0_dummy, minmay_misc_feat_four_crosses
D:10:     layout_roguey, nicolae_overflow_hidden_temple, jmf_multi_god_temple2,
          trove_entry_hex_spiral, serial_park_tiny_1, nooodl_orcs_dogs,
          uniq_maggie
Temple:   hellmonk_temple_beads

Skill      XL: |  1  2  3  4  5  6  7  8  9 10 |
---------------+-------------------------------+-----
Spellcasting   | 6 7 9 11 13 15 | 15.2
Fighting       | 1 2 3 4 5 |  5.1
Armour         | 1 2 3 |  3.7
Conjurations   | 2 3 4 6 7 8 |  8.8
Stealth        | 3 |  3.0
Dodging        | 3 |  3.0
Evocations     | 1 |  1.1
Air Magic      | 1 |  1.0
Poison Magic   | 1 |  1.3
Summonings     | |  1.1
Translocations | |  1.1

Action                   |  1- 3 |  4- 6 |  7- 9 | 10-12 || total
-------------------------+-------+-------+-------+-------++-------
Melee: Dagger            |     7 |       |       |       ||     7
       Staff             |       |    36 |    19 |       ||    55
       Punch             |       |     1 |     3 |     2 ||     6
       War axe           |       |       |    80 |    13 ||    93
       Mace              |       |       |       |    47 ||    47
       Trident           |       |       |       |    33 ||    33
Throw: Throwing net      |     1 |       |       |     1 ||     2
       Dart              |     1 |       |       |       ||     1
 Cast: Magic Dart        |    53 |   160 |   235 |    23 ||   471
       Mephitic Cloud    |       |     3 |    28 |    25 ||    56
       Call Imp          |       |       |     4 |     9 ||    13
       Blink             |       |       |     3 |     6 ||     9
Evoke: Wand              |       |       |       |     4 ||     4
  Use: Scroll            |       |       |       |    16 ||    16
 Stab: Confused          |       |     7 |    14 |    10 ||    31
       Distracted        |       |       |       |     2 ||     2
Armor: Leather armour    |     1 |     9 |    25 |     9 ||    44
Dodge: Dodged            |     4 |    38 |   141 |    55 ||   238

Table legend: (Time is in decaauts)
 A = Elapsed time spent in this place.
 B = Non-inter-level travel time spent in this place.
 C = Inter-level travel time spent in this place.
 D = Time resting spent in this place.
 E = Time spent auto-exploring this place.
 F = Levels seen in this place.
 G = Mean time per level.
                   A        B        C        D        E       F      G
               +--------+--------+--------+--------+--------+-----+--------+
         Total |  12183 |  11177 |   1006 |    593 |   8353 |  12 | 1015.2 |
       Dungeon |  11490 |  10525 |    965 |    593 |   7888 |  10 | 1149.0 |
        Temple |    165 |    125 |     40 |      0 |     72 |   1 |  165.0 |
         Sewer |    528 |    528 |      0 |      0 |    392 |   1 |  528.0 |
               +--------+--------+--------+--------+--------+-----+--------+

Top non-repeatable levels by time:
     D:7: 2384 daAuts
     D:8: 2105 daAuts
     D:5: 1629 daAuts
     D:3: 1171 daAuts
     D:4: 1084 daAuts
     D:1: 1038 daAuts
     D:2: 923 daAuts
     D:6: 921 daAuts
   Sewer: 528 daAuts
    D:10: 205 daAuts
  Temple: 165 daAuts
     D:9: 26 daAuts
